 Dungeon Crawl Stone Soup version 0.23-a0-54-gae6112e (webtiles) character file.

424 Amnesiac the Magician (level 6, 0/41 HPs)
             Began as a Mummy Conjurer on Aug 8, 2018.
             Slain by a slave (8 damage)
             ... led by Pikel
             ... on level 5 of the Dungeon.
             The game lasted 00:05:17 (1712 turns).

Amnesiac the Magician (Mummy Conjurer)              Turns: 1712, Time: 00:05:18

Health: 0/41       AC:  2    Str: 12    XL:     6   Next: 64%
Magic:  2/14       EV: 12    Int: 16    God:
Gold:   81         SH:  0    Dex: 12    Spells: 9/16 levels left

rFire    x . .     SeeInvis .   g - -2 hunting sling (curse)
rCold    + . .     Gourm    .   (no shield)
rNeg     + + +     Faith    .   a - +0 robe
rPois    ∞         Spirit   .   (no helmet)
rElec    .         Reflect  .   (no cloak)
rCorr    .         Harm     .   (no gloves)
MR       .....                  (no boots)
Stlth    ++........             (no amulet)
HPRegen  0.13/turn              (no ring)
MPRegen  0.14/turn              (no ring)

@: about to teleport, very slightly contaminated
A: no food or potions, fire vulnerability, cold resistance 1, negative energy
resistance 3, torment resistance, unbreathing
a: no special abilities


You were on level 5 of the Dungeon.
You were not hungry.

You visited 1 branch of the dungeon, and saw 5 of its levels.
You also visited: Sewer.

You collected 81 gold pieces.

Inventory:

Hand Weapons
 g - a cursed -2 hunting sling (weapon)
Missiles
 h - 63 stones (quivered)
Armour
 a - a +0 robe (worn)
 d - a +0 buckler
Scrolls
 c - a scroll of fear {!r}
 f - a scroll of blinking {!r}


   Skills:
 - Level 1.5 Dodging
 - Level 1.5 Stealth
 - Level 5.7 Spellcasting
 + Level 5.6 Conjurations


You had 9 spell levels left.
You knew the following spells:

 Your Spells              Type           Power        Failure   Level  Hunger
a - Magic Dart            Conj           ###.         1%          1    N/A
b - Iskenderun's Mystic   Conj           ###.....     14%         4    N/A
d - Searing Ray           Conj           ###...       1%          2    N/A

Your spell library contained the following spells:

 Spells                   Type           Power        Failure   Level  Hunger
 Confuse                  Hex            #.......     38%         3    N/A
 Tukima's Dance           Hex            #.......     38%         3    N/A
 Ensorcelled Hibernation  Hex/Ice        #.....       22%         2    N/A
 Corona                   Hex            #......      14%         1    N/A
 Fulminant Prism          Conj/Hex       ##........   41%         4    N/A
 Dazzling Spray           Conj/Hex       ##....       13%         3    N/A
 Force Lance              Conj/Tloc      ##......     41%         4    N/A

Dungeon Overview and Level Annotations

Branches:
Dungeon (5/15)
 Temple: D:4-7

Altars:

Shops:
D:4 :%


Innate Abilities, Weirdness & Mutations

You do not eat or drink.
Your flesh is vulnerable to fire.
You are immune to poison.
Your flesh is cold resistant. (rC+)
You are immune to negative energy. (rN+++)
You are immune to unholy pain and torment.
You can survive without breathing.


Message History

Casting: Searing Ray (safe; 2% risk of failure)
Confirm with . or Enter, or press ? or * to list all spells.
Aiming: Searing Ray (safe; 2% risk of failure)
Press: ? - help, Shift-Dir - straight line, f/p - orc
Aim: an orc, wielding a hand axe The searing ray misses the orc.
The searing ray hits the orc wizard. (Press . to maintain the ray.)
The orc closely misses you.
The searing ray hits the orc.
The orc is moderately wounded.
The orc hits you with a hand axe.
* * * LOW HITPOINT WARNING * * *
The searing ray hits the orc.
You kill the orc!
The orc wizard points at you and mumbles some strange words.
You easily resist.
The searing ray hits the orc.
The orc is almost dead.
The searing ray hits the orc.
You kill the orc!
You finish channeling your searing ray.
Casting: Searing Ray (safe; 2% risk of failure)
Confirm with . or Enter, or press ? or * to list all spells.
Aiming: Searing Ray (safe; 2% risk of failure)
Press: ? - help, Shift-Dir - straight line, f - orc wizard
Aim: an orc wizard, wielding a dagger and wearing a robe The searing ray hits the orc wizard.
The orc wizard is lightly wounded. (Press . to maintain the ray.)
The searing ray misses the orc wizard.
The orc wizard hits you but does no damage.
The searing ray hits the orc wizard.
The orc wizard is severely wounded.
The orc wizard completely misses you.
The searing ray hits the orc wizard.
You kill the orc wizard!
You finish channeling your searing ray.
Casting: Searing Ray (safe; 1% risk of failure)
Confirm with . or Enter, or press ? or * to list all spells.
Aiming: Searing Ray (safe; 1% risk of failure)
Press: ? - help, Shift-Dir - straight line, f - orc
Aim: an orc (almost dead)
You miscast Searing Ray.
You are very lightly contaminated with residual magic.
Your skin glows momentarily.
The orc hits you but does no damage.
A slave comes into view.
The slave shouts!
You hear a shout!
Really read
b - a scroll labeled MUCHU DOASHRU {!r}?
As you read the scroll labeled MUCHU DOASHRU {!r}, it crumbles to dust.
You feel strangely unstable.
It was a scroll of teleportation {!r}.
The orc hits you.
* * * LOW HITPOINT WARNING * * *
The orc misses you. The slave hits you!
* * * LOW HITPOINT WARNING * * *
Casting: Searing Ray (safe; 1% risk of failure)
Confirm with . or Enter, or press ? or * to list all spells.
Aiming: Magic Dart (safe; 1% risk of failure)
Press: ? - help, Shift-Dir - straight line, f/p - orc
Aim: an orc (almost dead)
The magic dart hits the orc.
You kill the orc!
A centaur comes into view.
The slave hits you!
You die...

### #.c #.# #.#
#.# #p# #@# #o#
# #.#####.. ##
#.......###..
#.##.#.#...# #
#.#.#.##...##..
#..###........#
#.#)#..........
#.#.)......(.#


You could see a slave, a centaur (wandering) and an orc.

Vanquished Creatures
  An ice beast (D:4)
  A phantom (D:4)
  An ogre (D:4)
  Jessica (D:2)
  An orc wizard (D:5)
  A worker ant (D:4)
  5 adders
  An ooze (D:3)
  2 leopard geckos (D:3)
  4 orcs
  3 goblins
  A hobgoblin (D:3)
  6 ball pythons (Sewer)
  A bat (D:3)
  5 frilled lizards (Sewer)
  4 kobolds (D:3)
  A leopard gecko zombie (D:5)
  6 rats
45 creatures vanquished.

Notes
Turn   | Place    | Note
-------+----------+-------------------------------------------
     0 | D:1      | Amnesiac the Mummy Conjurer began the quest for the Orb.
     0 | D:1      | Reached XP level 1. HP: 13/13 MP: 4/4
    19 | D:2      | Noticed Jessica
    21 | D:2      | Killed Jessica
    21 | D:2      | Reached XP level 2. HP: 19/19 MP: 0/7
   100 | D:2      | Learned a level 2 spell: Searing Ray
   117 | D:2      | Reached XP level 3. HP: 24/24 MP: 6/8
   559 | D:3      | Reached XP level 4. HP: 30/30 MP: 7/10
   567 | D:3      | Learned a level 4 spell: Iskenderun's Mystic Blast
   627 | D:4      | Noticed an ice beast
   644 | D:4      | Killed an ice beast
   644 | D:4      | Reached XP level 5. HP: 8/35 MP: 2/11
   753 | D:4      | Found Fuegh's Book Emporium.
   794 | D:4      | Noticed an ogre
   993 | D:4      | Noticed a phantom
  1009 | D:4      | Killed a phantom
  1009 | D:4      | Reached skill level 5 in Spellcasting
  1009 | D:4      | Reached XP level 6. HP: 39/41 MP: 1/14
  1075 | D:4      | Found a glowing drain.
  1103 | Sewer    | Entered a sewer
  1140 | Sewer    | Reached skill level 5 in Conjurations
  1432 | D:4      | Found Ceuch's Food Emporium.
  1442 | D:5      | Entered Level 5 of the Dungeon
  1707 | D:5      | Noticed a slave
  1712 | D:5      | Slain by a slave

Vault maps used:
D:1:      nzn_arrival_water_spiral
D:2:      gammafunk_temple_overflow_wave, chequers_ecumenical_altar_grove,
          uniq_sigmund, uniq_jessica
D:3:      tgw_trog, roderic_roman_lattice, kennysheep_big_empty_room,
          fedhas_altar_4
D:4:      portal_sewer_entry_e, serial_shops, shop, kennysheep_mini,
          nicolae_shop_trees
D:5:      first_ration, serial_shops, shop, shop, shop_coins, shop, uniq_pikel
Sewer:    sewer_co_cracked_pipes

Skill      XL: |  1  2  3  4  5  6 |
---------------+-------------------+-----
Spellcasting   | 4 5 |  5.7
Conjurations   | 4 5 |  5.6
Dodging        | |  1.5
Stealth        | |  1.5

Action                   |  1- 3 |  4- 6 || total
-------------------------+-------+-------++-------
 Cast: Magic Dart        |    25 |    34 ||    59
       Searing Ray       |     5 |    11 ||    16
  Use: Scroll            |       |     5 ||     5
Armor: Robe              |       |     3 ||     3
Dodge: Dodged            |     7 |     9 ||    16

Table legend:
 A = Spawn XP
 B = Non-spawn XP
 C = Spawn XP percentage of total XP
 D = Spawn monster count
 E = Non-spawn monster count
 F = Spawn count percentage of total count
 G = Total turns spent on level
                    A         B        C        D         E        F      G
               +---------+---------+-------+---------+---------+-------+---------
         Total |       0 |     607 |   0.0 |       0 |      45 |   0.0 |  1712
               +---------+---------+-------+---------+---------+-------+---------
           D:2 |       0 |      41 |   0.0 |       0 |       4 |   0.0 |   154
           D:3 |       0 |      57 |   0.0 |       0 |      16 |   0.0 |   474
           D:4 |       0 |     434 |   0.0 |       0 |       6 |   0.0 |   715
           D:5 |       0 |      45 |   0.0 |       0 |       5 |   0.0 |    32
         Sewer |       0 |      30 |   0.0 |       0 |      14 |   0.0 |   272
               +---------+---------+-------+---------+---------+-------+---------
